 Dungeon Crawl Stone Soup version 0.31-a0-854-g362426d53f (webtiles) character file.

Game seed: 10740246599920448639

28 Azuregosa the Stinger (level 3, 0/24 HPs)
             Began as a Demonspawn Venom Mage on Oct 8, 2023.
             Succumbed to an adder's poison
             ... on level 2 of the Dungeon.
             The game lasted 00:07:52 (1562 turns).

Azuregosa the Stinger (Demonspawn Venom Mage)       Turns: 1562, Time: 00:07:52

Health: 0/24       AC:  2    Str:  8    XL:     3   Next: 0%
Magic:  1/6        EV: 12    Int: 18    God:
Gold:   47         SH:  0    Dex: 13    Spells: 5/6 levels left

rFire   . . .        (no weapon)
rCold   . . .        (no shield)
rNeg    . . .        a - +0 robe
rPois   .            (helmet currently unavailable)
rElec   .            (cloak currently unavailable)
rCorr   .            i - melded +0 pair of gloves
SInv    .            (boots currently unavailable)
Will    .....        (no amulet)
Stlth   ++           (no ring)
HPRegen 0.24/turn    (no ring)
MPRegen 0.10/turn

%: no passive effects
@: lethally poisoned (0 -> -3), beast-form
A: beast (slay +0), hooves 1
a: Begin Untransformation


You were on level 2 of the Dungeon.
You were a hulking beast.
You visited 1 branch of the dungeon, and saw 3 of its levels.

You collected 47 gold pieces.

Inventory:

Armour
 a - a +0 robe (worn)
 i - a +0 pair of gloves (melded)
Jewellery
 h - an amulet of reflection
Talismans
 o - a beast talisman (active)
Scrolls
 c - a scroll of immolation {unknown}
 f - a scroll of identify {unknown}
 g - a scroll of vulnerability {unknown}
 j - a scroll of teleportation {unknown}
 l - a scroll of butterflies {unknown}
 m - 2 scrolls of enchant armour {unknown}
 q - a scroll of enchant weapon {unknown}
Potions
 b - a potion of magic
 d - 4 potions of curing {unknown}
 e - 2 potions of attraction {unknown}
 k - 2 potions of mutation {unknown}
 n - a potion of degeneration {unknown}
 p - a potion of ambrosia {unknown}
 r - a potion of haste {unknown}


   Skills:
 - Level 1.7 Dodging
 - Level 1.7 Stealth
 - Level 2.4 Spellcasting
 - Level 0.8 Transmutations
 - Level 3.7 Poison Magic
 + Level 0.7 Evocations


You had 5 spell levels left.
You knew the following spells:

 Your Spells              Type           Power      Damage    Failure   Level
a - Sting                 Tmut/Pois      40%        1d5       7%          1

Your spell library contained the following spells:

 Spells                   Type           Power      Damage    Failure   Level
 Poisonous Vapours        Pois/Air       16%        N/A       12%         2
 Mephitic Cloud           Conj/Pois/Air  6%         N/A       30%         3
 Olgreb's Toxic Radiance  Pois           15%        N/A       36%         4
 Ozocubu's Armour         Ice            2%         N/A       45%         3
 Ozocubu's Refrigeration  Ice            1%         4d7       100%        7


Dungeon Overview and Level Annotations

Branches:
Dungeon (3/15)

Altars:


Innate Abilities, Weirdness & Mutations

You are a hulking beast.
Your limbs bulge with bestial killing power. (Slay +0)
You have large cloven feet.


Message History

You are poisoned.
The adder poisons you! The adder bites you.
Casting: Sting (safe; 8% risk of failure)
Confirm with . or Enter, or press ? or * to list all spells.
Aiming: Sting (safe; 8% risk of failure)
Press: ? - help, Shift-Dir - straight line, f/p - adder
Aim: an adder (lightly wounded, poisoned, 48% to hit)
The sting hits the adder but does no damage.
The adder looks even sicker.
The adder is lightly wounded.
You feel sick. The adder bites you.
You are more poisoned.
The adder poisons you!
You barely miss the adder. Your kick misses the adder.
The adder is lightly wounded.
You feel sick. The adder closely misses you.
You hit the adder but do no damage.
The adder is lightly wounded.
You feel sick. The adder bites you.
Casting: Sting (safe; 8% risk of failure)
Confirm with . or Enter, or press ? or * to list all spells.
Aiming: Sting (safe; 8% risk of failure)
Press: ? - help, Shift-Dir - straight line, f - rat, p - adder
Aim: a rat (68% to hit)
The sting hits the rat.
The rat is poisoned.
You kill the rat!
* * * LOW HITPOINT WARNING * * *
You feel sick. The adder barely misses you. The adder bites you.
* * * LOW HITPOINT WARNING * * *
The endoplasm barely misses you.
You have reached level 3!
Your experience leads to an increase in your attributes!
Increase (S)trength, (I)ntelligence, or (D)exterity?
Uppercase letters only, please.
You feel clever. x2
* * * LOW HITPOINT WARNING * * *
You feel sick.
The endoplasm attacks as it pursues you!
The endoplasm barely misses you.
You die...

#######.# #.#.####### #...†...#
#..........
#.#####.#########.#.####### #.#
#...........#........ #.#
###############.####### #.#
#......................
#######.###.###..(........#######
........#.....#'###########
......### #...h#######.. #####.#
#......?...... #####.#
#....JS†...... ......#####
#............. ...........
#...#......... .......#
#####......... ...<...+
+.......## .......# #.........
###+##################....


You could see an adder (poisoned) and an endoplasm.

Vanquished Creatures
  3 bats
  4 endoplasms
  2 hobgoblins
  3 jackals (D:1)
  2 kobolds
  A quokka (D:2)
  3 ball pythons
  2 frilled lizards (D:1)
  5 rats
25 creatures vanquished.

Notes
Turn   | Place    | Note
-------+----------+-------------------------------------------
     0 | D:1      | Azuregosa the Demonspawn Venom Mage began the quest for the
                  | Orb.
     0 | D:1      | Reached XP level 1. HP: 13/13 MP: 3/3
   468 | D:1      | Gained mutation: You have large cloven feet. [demonic
                  | ancestry]
   468 | D:1      | Reached XP level 2. HP: 16/19 MP: 0/5
  1561 | D:2      | Reached XP level 3. HP: 2/24 MP: 1/6
  1561 | D:2      | HP: 1/24 [poisoned by an adder]
  1562 | D:2      | Succumbed to an adder's poison

Illustrated notes

Levels and vault maps discovered:
D:1:      psy_arrival_radial02, layout_basic
D:2:      layout_basic
D:3:      layout_loops_ring, moated_statue

Action                     || total
---------------------------++-------
  Melee: Unarmed           ||    11
         Kick              ||     4
   Cast: Sting             ||    46
 Armour: Robe              ||    27
  Dodge: Dodged            ||    36
   Form: Beast             ||     1

Table legend: (Time is in decaauts)
 A = Elapsed time spent in this place.
 B = Non-inter-level travel time spent in this place.
 C = Inter-level travel time spent in this place.
 D = Time resting spent in this place.
 E = Time spent auto-exploring this place.
 F = Levels seen in this place.
 G = Mean time per level.
                   A        B        C        D        E       F      G
               +--------+--------+--------+--------+--------+-----+--------+
         Total |   1563 |   1563 |      0 |      0 |   1224 |   3 |  521.0 |
       Dungeon |   1563 |   1563 |      0 |      0 |   1224 |   3 |  521.0 |
               +--------+--------+--------+--------+--------+-----+--------+

Top non-repeatable levels by time:
     D:1: 1130 daAuts
     D:2: 429 daAuts
     D:3: 3 daAuts
